AoeStats
← batata-angolan

Arena

508027343Analyzed
4v4 RM · 10d ago on Sep 20, 2026· 48m 44s· 8 players
Game mode
Random Map
Map size
Large (8 player)
Population
200
Speed
Normal
Resources
Standard
Victory
Conquest
Starting age
Dark Age
Ending age
Imperial Age
RankedLock teamsTeams togetherTeam positionsShared explorationLock speedFull tech treeHidden civsTurbo modeCheats
Victory
Defeat
🇧🇷 Italians · Brazil
720
+15
🇧🇷 Romans · Brazil
684
+16
🇧🇷 Franks · Brazil
683
+16
🇧🇷 Britons · Brazil
658
+17
🇮🇹 Tatars · Italy
745
-18
🇨🇴 Hindustanis · Colombia
693
-16
🇩🇪 Vikings · Germany
665
-15
🇨🇿 Bohemians · Czechia
656
-15
Black AnGeL
11:20 Feudal Age
11:50 Double-Bit Axe
12:06 Horse Collar
18:51 Castle Age
24:48 Chemistry
23:55 Crossbowman
24:58 Fletching
25:09 Padded Archer Armor
26:41 Leather Archer Armor
26:38 Bodkin Arrow
28:07 Ballistics
31:35 Bow Saw
31:47 Treadmill Crane
35:58 Imperial Age
38:32 Arbalester
39:16 Bracer
39:47 Ring Archer Armor
44:45 Pikeman
DogeDogOfVenice
0:30 Loom
11:16 Feudal Age
11:42 Double-Bit Axe
12:33 Wheelbarrow
11:41 Horse Collar
urmel_oeb
0:35 Loom
11:27 Feudal Age
11:54 Double-Bit Axe
11:53 Horse Collar
12:46 Town Watch
EL THANOS
0:35 Loom
11:57 Feudal Age
12:48 Double-Bit Axe
18:22 Castle Age
16:34 Stone Mining
batata-angolan
7:56 Loom
10:51 Feudal Age
12:24 Double-Bit Axe
12:24 Horse Collar
14:32 Man-at-Arms
16:30 Gold Mining
21:53 Wheelbarrow
23:36 Castle Age
24:08 Forging
23:58 Scale Mail Armor
24:10 Long Swordsman
24:56 Squires
24:19 Long Swordsman
26:29 Heavy Plow
36:32 Imperial Age
35:00 Wheelbarrow
34:11 Town Watch
36:15 Gold Shaft Mining
35:33 Stone Mining
37:41 Hand Cart
38:26 Conscription
38:11 Legionary
40:56 Iron Casting
40:37 Chain Mail Armor
40:26 Town Patrol
42:22 Bow Saw
42:46 Crop Rotation
44:58 Heavy Scorpion
AP0LL00O
9:57 Feudal Age
18:54 Castle Age
17:47 Fletching
18:03 Padded Archer Armor
19:12 Crossbowman
21:34 Bodkin Arrow
24:13 Leather Archer Armor
25:17 Double-Bit Axe
30:21 Elite Skirmisher
38:04 Imperial Age
38:11 Arbalester
45:15 Bracer
45:46 Ring Archer Armor
Ze taboca5485
4:34 Loom
12:21 Feudal Age
13:49 Feudal Age
15:18 Wheelbarrow
15:07 Stone Mining
15:03 Horse Collar
15:11 Double-Bit Axe
15:25 Gold Mining
22:18 Castle Age
30:34 Stone Shaft Mining
32:17 Hand Cart
37:29 Bow Saw
38:16 Padded Archer Armor
38:07 Fletching
41:26 Imperial Age
39:24 Arson
41:19 Heavy Plow
41:41 Leather Archer Armor
41:22 Bodkin Arrow
42:18 Capped Ram
47:04 Two-Man Saw
halou157
12:26 Feudal Age
12:55 Double-Bit Axe
14:59 Wheelbarrow
20:57 Castle Age
21:06 Scale Barding Armor
21:55 Husbandry
23:38 Bow Saw
26:52 Chain Barding Armor
26:43 Forging
27:13 Gold Mining
27:13 Stone Mining
29:07 Gold Shaft Mining
32:48 Loom
33:19 Hand Cart
33:34 Town Watch
39:15 Imperial Age
37:46 Iron Casting
37:33 Murder Holes
39:24 Cavalier
41:00 Plate Barding Armor
41:30 Conscription
43:01 Paladin
Connection lost

Rejoining the realm…

Still unreachable

The connection could not be restored.

Session expired

The server has moved on; the page needs a fresh start.